 Dungeon Crawl Stone Soup version 0.26-a0-1053-gaff5f71418 (webtiles) character file.

Game seed: 4634923199759537972

208294 sokol815 the Warrior (level 18, -18/124 HPs)
             Began as a Gargoyle Fighter on Dec 12, 2020.
             Was an Initiate of Gozag.
             Killed from afar by Roxanne (61 damage)
             ... with a crystal spear
             ... on level 3 of the Snake Pit.
             The game lasted 01:34:45 (35664 turns).

sokol815 the Warrior (Gargoyle Fighter)            Turns: 35664, Time: 01:34:45

Health: -18/124    AC: 49    Str: 32    XL:     18   Next: 78%
Magic:  18/18      EV:  6    Int: 11    God:    Gozag
Gold:   7538       SH: 27    Dex: 16    Spells: 17/17 levels left

rFire    + + .     SeeInvis +   a - +7 hand axe (elec)
rCold    + + .     Faith    .   P - +7 kite shield of Purpose {Dex+2}
rNeg     + + .     Spirit   .   T - +5 gold dragon scales
rPois    ∞         Reflect  +   W - +1 helmet
rElec    +         Harm     .   z - +2 cloak {Will+}
rCorr    .         Rampage  +   g - +1 pair of gloves {Str+3}
Will     ++...                  f - +0 pair of boots {rampage}
Stlth    ..........             x - amulet of reflection
HPRegen  0.30/turn              e - ring of Cynicism {*Corrode rF+ Str+6 Slay+4}
MPRegen  0.16/turn              n - ring "Peczaat" {rC+ rN+ SInv Stlth+}

@: flying, studying 2 skills
A: big wings, talons 1, yellow scales 1, negative energy resistance 1,
electricity resistance, strong 1, unbreathing, petrification resistance, rot
immunity, AC +13
}: 1/15 runes: decaying
a: Stop Flying, Potion Petition, Call Merchant, Bribe Branch, Renounce Religion


You were on level 3 of the Snake Pit.
You worshipped Gozag.
Gozag was greatly pleased with you.
You visited 5 branches of the dungeon, and saw 30 of its levels.
You also visited: Gauntlet and Ice Cave.

You collected 13679 gold pieces.
You spent 4173 gold pieces at shops.
You paid 1968 gold pieces to Gozag.

Inventory:

Hand Weapons
 a - a +7 hand axe of electrocution (weapon)
 b - a +0 war axe of flaming
 c - the +9 hand crossbow of Contention {venom, Str+2 Dex+2}
   (You bought it in a shop on level 1 of the Orcish Mines)

   It poisons the ammo it fires.
   It affects your strength (+2).
   It affects your dexterity (+2).
Missiles
 t - 357 bolts
 w - 8 curare-tipped darts
 C - 16 silver javelins
 L - 4 datura-tipped darts (quivered)
Armour
 f - a +0 pair of boots of rampaging (worn)
 g - a +1 pair of gloves of strength (worn)
 z - a +2 cloak of willpower (worn)
 P - the +7 kite shield of Purpose (worn) {Dex+2}
   (You found it on level 5 of the Lair of Beasts)

   It affects your dexterity (+2).
 T - +5 gold dragon scales (worn)
 W - a +1 helmet (worn)
Jewellery
 e - the ring of Cynicism (left hand) {*Corrode rF+ Str+6 Slay+4}
   (You bought it in a shop on level 11 of the Dungeon)

   [ring of slaying]

   It affects your strength (+6).
   It affects your accuracy and damage with ranged weapons and melee attacks
   (+4).
   It protects you from fire.
   It may corrode you when you take damage.
 n - the ring "Peczaat" (right hand) {rC+ rN+ SInv Stlth+}
   (You bought it in a shop on level 11 of the Dungeon)

   [ring of positive energy]

   It protects you from cold.
   It protects you from negative energy.
   It lets you see invisible.
   It makes you more stealthy.
 p - an uncursed ring of willpower
 x - an amulet of reflection (around neck)
 D - an uncursed ring of willpower
 M - an uncursed ring of resist corrosion
 Y - an uncursed amulet of the acrobat
Wands
 d - a wand of digging (13)
 v - a wand of random effects (13)
 B - a wand of paralysis (61)
 E - a wand of iceblast (9)
 F - a wand of acid (10)
 G - a wand of flame (31)
 U - a wand of disintegration (5)
Scrolls
 h - 13 scrolls of identify
 j - 4 scrolls of magic mapping
 m - 16 scrolls of remove curse
 o - 4 scrolls of blinking
 r - 5 scrolls of teleportation
 y - 5 scrolls of immolation
 K - 3 scrolls of holy word
 R - 3 scrolls of fog
 Z - 4 scrolls of fear
Potions
 i - 5 potions of might
 k - 3 potions of cancellation
 l - 3 potions of haste
 q - 4 potions of resistance
 s - 2 potions of brilliance
 u - 10 potions of heal wounds
 A - 6 potions of attraction
 H - 5 potions of ambrosia
 Q - 10 potions of curing
Books
 O - a manual of Crossbows
 V - a manual of Polearms
Miscellaneous
 N - a phantom mirror
 S - a lightning rod (4/4)


   Skills:
 + Level 17.6 Fighting
 - Level 17.1 Axes
 + Level 13.9 Crossbows
 - Level 8.1 Throwing
 - Level 12.0 Armour
 - Level 15.0 Shields
 - Level 5.0 Evocations


You had 17 spell levels left.
You didn't know any spells.
Your spell library contained the following spells:

 Spells                   Type           Power        Failure   Level
 Apportation              Tloc           #.....       99%         1
 Magic Dart               Conj           #...         99%         1
 Shock                    Conj/Air       #...         99%         1
 Sting                    Tmut/Pois      #...         99%         1
 Blink                    Tloc           N/A          100%        2
 Call Imp                 Summ           #.......     100%        2
 Ensorcelled Hibernation  Hex/Ice        #.....       100%        2
 Poisonous Vapours        Pois/Air       #.....       100%        2
 Searing Ray              Conj           #.....       100%        2
 Slow                     Hex            #.......     100%        2
 Swiftness                Air            #.......     100%        2
 Confusing Touch          Hex            #.......     100%        3
 Conjure Flame            Conj/Fire      #.......     100%        3
 Dazzling Flash           Conj/Hex       #.....       100%        3
 Gell's Gravitas          Tloc           #.........   100%        3
 Ignite Poison            Fire/Tmut/Pois #.......     100%        3
 Lesser Beckoning         Tloc           #.........   100%        3
 Mephitic Cloud           Conj/Pois/Air  #.......     100%        3
 Static Discharge         Conj/Air       #.......     100%        3
 Tukima's Dance           Hex            #.......     100%        3
 Airstrike                Air            #.........   100%        4
 Fulminant Prism          Conj/Hex       #.........   100%        4
 Iskenderun's Mystic Bla  Conj/Tloc      #.......     100%        4
 Olgreb's Toxic Radiance  Pois           #.......     100%        4
 Petrify                  Tmut/Erth      #.......     100%        4
 Alistair's Intoxication  Tmut/Pois      #........    100%        5
 Borgnjor's Vile Clutch   Necr/Erth      #.........   100%        5
 Lightning Bolt           Conj/Air       #.........   100%        5
 Metabolic Englaciation   Hex/Ice        #.........   100%        5
 Silence                  Hex/Air        #.........   100%        5
 Summon Demon             Summ           #.........   100%        5
 Summon Forest            Summ/Tloc      #.........   100%        5
 Summon Mana Viper        Hex/Summ       #.......     100%        5
 Yara's Violent Unravell  Hex/Tmut       #.........   100%        5
 Invisibility             Hex            #.......     100%        6
 Shadow Creatures         Summ           N/A          100%        6
 Summon Hydra             Summ           #.........   100%        7


Dungeon Overview and Level Annotations

Branches:
Dungeon (15/15)            Temple (0/1) D:4            Lair (6/6) D:11
  Swamp (4/4) Lair:4        Snake (3/4) Lair:3        Slime (0/5) Lair:6
    Orc (2/2) D:9             Elf (0/3) Orc:2        Vaults (0/5) D:13
 Depths (0/5) D:15          IceCv (visited)         Gauntlet (visited)

Altars:
Cheibriados
Fedhas
Gozag
Kikubaaqudgha
Makhleb
Nemelex Xobeh
Ru
Trog
Vehumet
Xom
Jiyva

Shops:
D:4 (   D:9 ![   D:11 =:   D:13 (   Orc:1 (   Orc:2 *[?}   Snake:1 (

Portals:
Pandemonium: Orc:2
Trove: D:11 (give 16 scrolls of teleportation)

Annotations:
D:6 2 transporters
Snake:3 2 transporters, Roxanne


Innate Abilities, Weirdness & Mutations

You are resistant to torment.
Your stone body is resilient. (AC +13)
You are immune to poison.
Your large and strong wings let you fly indefinitely.
You resist negative energy. (rN+)
You are resistant to electric shocks. (rElec)
You can survive without breathing.
You are immune to petrification.
You are immune to rotting.
You have sharp toenails.
You are partially covered in yellow scales. (AC +2)
Your muscles are strong. (Str +2)


Message History

You hit Roxanne.
Roxanne is severely damaged.
Roxanne mumbles some strange words.
The bolt of magma hits you! You partially resist.
You slash Roxanne!
Roxanne is severely damaged.
You hit Roxanne.
Roxanne is severely damaged.
You slash Roxanne!
Roxanne is almost destroyed.
Roxanne casts a spell.
The iron shot hits you but does no damage.
You slash Roxanne!
Roxanne is almost destroyed.
You hit Roxanne but do no damage.
Roxanne is almost destroyed.
Roxanne casts a spell.
The crystal spear hits you!!!
You die...
Your body crumbles into a pile of gold.

..... ......# #......#
#......#
#######......#
#..^##.......#
#.8..........######
#..@..............##
#............(.....#
##............)....#
#...............)).#
#...............)>).#
...........#####.)...#
..........$## ##.....
...........# #.....
.........# #.....


You could see Roxanne.

Vanquished Creatures
  Mara (Swamp:4)
  Asterion (Snake:3)
  The ghost of ardl the Brawler, an adept TrMo of Wu Jian (Swamp:3)
  2 thorn hunters
  Aizul (Snake:2)
  A minotaur (Gauntlet)
  8 bunyips
  4 eleionomae
  A shambling mangrove (Swamp:3)
  A fire dragon (Lair:6)
  Erolcha (D:11)
  2 ogre magi (D:15)
  A yaktaur captain (D:15)
  3 boulder beetles
  2 ice dragons (IceCv)
  27 hydras
  5 naga warriors
  4 centaur warriors
  8 two-headed ogres
  2 ghost crabs
  A vault guard (D:13)
  2 catoblepae (Lair:6)
  7 anacondas
  8 alligators
  3 death knights
  7 death yaks
  A death scarab (Gauntlet)
  4 orc high priests (Orc:2)
  4 naga sharpshooters
  2 shock serpents
  A soul eater (Orc:2)
  2 salamander mystics (Snake:2)
  3 goliath frogs
  5 skeletal warriors (D:12)
  5 spriggan druids
  A spectral death yak (Gauntlet)
  A torturous demonspawn (Orc:2)
  12 swamp dragons
  2 gelid demonspawn (Orc:2)
  A death drake (shapeshifter) (D:12)
  3 bog bodies (Swamp:1)
  5 naga ritualists
  A wizard (Swamp:4)
  9 orc knights
  9 orc sorcerers
  5 mana vipers
  6 ugly things
  A phantasmal warrior (D:12)
  2 deep elf magi
  5 cyclopes
  A wolf spider (D:12)
  4 manticores
  5 will-o-the-wisps
  14 salamanders
  Maurice (Orc:2)
  6 elephants
  A centaur zombie (D:14)
  24 black mambas
  12 naga magi
  A guardian serpent (Snake:3)
  2 ice statues (IceCv)
  14 cane toads
  3 centaur skeletons
  4 gargoyles
  6 rime drakes
  3 efreet
  A torpor snail (Lair:6)
  14 komodo dragons
  4 yaktaurs (D:15)
  A tengu conjurer (D:12)
  7 freezing wraiths
  A bloated husk (Swamp:3)
  2 red devils (Orc:2)
  9 trolls
  12 hornets
  5 tyrant leeches
  Grinder (D:3)
  4 slime creatures
  A blink frog (shapeshifter) (D:15)
  25 blink frogs
  2 meliai zombies (D:15)
  7 dream sheep (Lair:6)
  9 spriggans
  4 wyverns
  6 shadows
  8 flying skulls (Gauntlet)
  A redback (shapeshifter) (D:13)
  4 wraiths
  Sigmund (D:3)
  2 basilisks
  41 yaks
  2 wargs
  16 vampire mosquitoes
  11 swamp worms
  4 acid dragons
  16 nagas
  20 water moccasins
  9 swamp drakes
  33 orc warriors
  3 phantoms
  A black bear (Lair:2)
  26 ice beasts
  8 sky beasts
  A necrophage (D:15)
  12 ogres
  7 wolves
  9 centaurs
  3 big kobolds
  19 bullfrogs
  A water moccasin zombie (D:5)
  6 scorpions
  A hornet simulacrum (D:14)
  4 wights
  2 killer bees (D:11)
  4 electric eels (Lair:5)
  5 howler monkeys
  A bullfrog zombie (D:11)
  2 quasits
  4 hounds
  4 jellies
  Crazy Yiuf (D:4)
  32 orc priests
  2 bullfrog skeletons
  Jessica (D:3)
  26 orc wizards
  5 iguanas
  15 worker ants
  3 hound skeletons
  Robin (D:4)
  9 gnolls
  12 adders
  3 white imps (D:6)
  2 ufetubi
  3 oozes
  An adder skeleton (D:5)
  4 worms
  7 leopard geckos
  92 orcs
  10 bats
  8 giant cockroaches
  25 goblins
  14 hobgoblins
  3 jackals (D:4)
  24 kobolds
  5 quokkas
  A ball python (D:2)
  4 frilled lizards
  8 rats
1022 creatures vanquished.

Vanquished Creatures (others)
  A will-o-the-wisp (Swamp:4)
  A rime drake (IceCv)
  4 bloated husks (Swamp:1)
  A scorpion (D:4)
  A leopard gecko (D:1)
  2 orcs
  A ball python (D:4)
  A giant cockroach (D:4)
  2 frilled lizards (D:4)
  2 briar patches (Swamp:2)
  16 foxfires
  31 fungi
  69 plants
132 creatures vanquished.

Grand Total: 1154 creatures vanquished

Notes
Turn   | Place    | Note
-------+----------+-------------------------------------------
     0 | D:1      | sokol815 the Gargoyle Fighter began the quest for the Orb.
     0 | D:1      | Reached XP level 1. HP: 14/14 MP: 1/1
   227 | D:1      | Reached XP level 2. HP: 17/19 MP: 2/2
   547 | D:1      | Reached XP level 3. HP: 21/24 MP: 3/3
  1115 | D:2      | Found a snail-covered altar of Cheibriados.
  1182 | D:2      | Reached XP level 4. HP: 25/29 MP: 4/4
  1828 | D:2      | Found a radiant altar of Vehumet.
  1832 | D:2      | Found an opulent altar of Gozag.
  1837 | D:2      | Became a worshipper of Gozag Ym Sagoz the Greedy
  1839 | D:2      | Found an ancient bone altar of Kikubaaqudgha.
  1841 | D:2      | Found a sacrificial altar of Ru.
  1843 | D:2      | Found a bloodstained altar of Trog.
  2095 | D:3      | Found a sparkling altar of Nemelex Xobeh.
  2139 | D:3      | Reached XP level 5. HP: 34/34 MP: 5/5
  2362 | D:3      | Noticed Jessica
  2363 | D:3      | Noticed Grinder
  2364 | D:3      | Noticed Sigmund
  2367 | D:3      | Killed Jessica
  2380 | D:3      | Killed Sigmund
  2381 | D:3      | Reached skill level 5 in Fighting
  2381 | D:3      | Reached skill level 5 in Axes
  2381 | D:3      | Reached XP level 6. HP: 12/40 MP: 6/6
  2384 | D:3      | Killed Grinder
  2385 | D:3      | Reached XP level 7. HP: 13/45 MP: 7/7
  3119 | D:4      | Found a staircase to the Ecumenical Temple.
  3467 | D:4      | Got an ancient war axe
  3468 | D:4      | Identified the cursed +1 war axe "Wucod" {elec, *Rage Int+3
                  | Dex+2} (You found it on level 4 of the Dungeon)
  3694 | D:4      | Noticed Robin
  3708 | D:4      | Killed Robin
  3783 | D:4      | Found a shimmering altar of Xom.
  3787 | D:4      | Reached XP level 8. HP: 52/52 MP: 8/8
  3914 | D:4      | Noticed a wyvern
  3918 | D:4      | Killed a wyvern
  4029 | D:4      | Found Jionlyh's Antique Weapon Shop.
  4061 | D:4      | Found a runed translucent door.
  4062 | D:4      | Noticed Crazy Yiuf
  4175 | D:4      | Killed Crazy Yiuf
  4221 | D:5      | Entered Level 5 of the Dungeon
  5460 | D:6      | Reached XP level 9. HP: 58/58 MP: 9/9
  5736 | D:6      | Found a transporter.
  6133 | D:6      | Found a transporter.
  6141 | D:6      | Noticed a kobold demonologist
  7291 | D:8      | Found a burning altar of Makhleb.
  7766 | D:9      | Reached skill level 10 in Axes
  7853 | D:9      | Found Verphiq's Distillery.
  8015 | D:9      | Reached XP level 10. HP: 21/66 MP: 10/10
  8361 | D:9      | Found a staircase to the Orcish Mines.
  8845 | D:10     | Entered Level 10 of the Dungeon
  8881 | D:10     | Reached skill level 1 in Evocations
  9628 | D:11     | Reached skill level 10 in Fighting
  9882 | D:11     | Found a staircase to the Lair.
  9897 | D:11     | Noticed Erolcha
  9913 | D:11     | Killed Erolcha
  9924 | D:11     | Reached XP level 11. HP: 15/72 MP: 11/11
  9931 | D:11     | Reached skill level 5 in Evocations
 10268 | D:11     | Found a portal to a secret trove of treasure.
 10268 | D:11     | Noticed a boulder beetle
 10301 | D:11     | Killed a boulder beetle
 11171 | D:11     | Noticed a cyclops
 11177 | D:11     | Killed a cyclops
 11535 | Lair:1   | Entered Level 1 of the Lair of Beasts
 11553 | D:11     | Upgraded the game from 0.26-a0-1040-gbe3abf3417 to
                  | 0.26-a0-1053-gaff5f71418
 11555 | D:11     | Bought the ring of Cynicism {*Corrode rF+ Str+6 Slay+4} for
                  | 1287 gold pieces
 11755 | Lair:1   | Got an ancient robe
 11766 | Lair:1   | Identified the cursed +0 robe "Vuyluur" {Str+3 Dex+8} (You
                  | found it on level 1 of the Lair of Beasts)
 12539 | Lair:2   | Noticed a five-headed hydra
 12868 | D:4      | Bought a runed hand axe for 150 gold pieces
 13112 | Lair:2   | Killed a five-headed hydra
 13298 | Lair:2   | Reached XP level 12. HP: 57/77 MP: 12/12
 14498 | Lair:3   | Noticed an eight-headed hydra
 14666 | Lair:3   | Found a staircase to the Snake Pit.
 14683 | Lair:3   | Reached skill level 5 in Armour
 14683 | Lair:3   | Reached skill level 5 in Shields
 15600 | Lair:3   | Killed a seven-headed hydra
 15817 | Lair:4   | Found a gate leading to a gauntlet.
 15826 | Lair:4   | Found a staircase to the Swamp.
 15849 | Gauntlet | Entered a Gauntlet
 15849 | Gauntlet | Found a transporter.
 15901 | Gauntlet | Found a transporter.
 15903 | Gauntlet | Found a transporter.
 15906 | Gauntlet | Noticed a death scarab
 15911 | Gauntlet | Found a runed translucent door.
 15914 | Gauntlet | Found a transporter.
 15917 | Gauntlet | Found a transporter.
 15926 | Gauntlet | Found a transporter.
 15939 | Gauntlet | Found a transporter.
 15949 | Gauntlet | Found a transporter.
 15957 | Gauntlet | Noticed a balrug
 15959 | Gauntlet | Found a transporter.
 15974 | Gauntlet | Found a transporter.
 15989 | Gauntlet | Found a transporter.
 15989 | Gauntlet | Found a transporter.
 15990 | Gauntlet | Noticed a death scarab
 16036 | Gauntlet | Found a transporter.
 16050 | Gauntlet | Found a transporter.
 16324 | Gauntlet | Killed a death scarab
 16329 | Gauntlet | Reached XP level 13. HP: 71/85 MP: 13/13
 16461 | Gauntlet | Got a polished hat
 16600 | Gauntlet | Identified the cursed +0 hat of the Vacuum {*Slow rF+
                  | Int+2} (You found it in a Gauntlet)
 16629 | Gauntlet | Noticed a minotaur
 16646 | Gauntlet | Killed a minotaur
 16843 | D:11     | Bought the ring "Peczaat" {rC+ rN+ SInv Stlth+} for 533
                  | gold pieces
 16869 | D:11     | Bought an uncursed ring of willpower for 325 gold pieces
 17679 | Lair:5   | Reached skill level 1 in Throwing
 18007 | Lair:5   | Got a faintly humming kite shield
 18013 | Lair:5   | Identified the +7 kite shield of Purpose {Dex+2} (You found
                  | it on level 5 of the Lair of Beasts)
 18049 | Lair:5   | Got a bloodstained rapier
 18050 | Lair:5   | Identified the +1 rapier of Parts Unknown {vorpal, Int+4}
                  | (You found it on level 5 of the Lair of Beasts)
 18141 | Lair:5   | Got a jewelled scale mail
 18156 | Lair:5   | Identified the +0 scale mail of Omission {rPois rF+ Int+2}
                  | (You found it on level 5 of the Lair of Beasts)
 18360 | Lair:5   | Gained mutation: Your muscles are strong. (Str +2) [potion
                  | of mutation]
 18360 | Lair:5   | Gained mutation: You have sharp toenails. [potion of
                  | mutation]
 18360 | Lair:5   | Gained mutation: You are partially covered in yellow
                  | scales. (AC +2) [potion of mutation]
 18668 | Lair:6   | Entered Level 6 of the Lair of Beasts
 18668 | Lair:6   | Found a frozen archway.
 18819 | IceCv    | Entered an ice cave
 19303 | IceCv    | Noticed an ice dragon
 19305 | IceCv    | Noticed an ice dragon
 19338 | IceCv    | Killed an ice dragon
 19348 | IceCv    | Killed an ice dragon
 19349 | IceCv    | Reached skill level 5 in Throwing
 19680 | IceCv    | Got a shimmering wooden ring
 19695 | IceCv    | Identified the ring of Wutyost {+Fly rN+ Str-4 Int+2} (You
                  | found it in an ice cave)
 19823 | Lair:6   | Gained mutation: Your large and strong wings let you fly
                  | indefinitely. [Gargoyle growth]
 19823 | Lair:6   | Reached XP level 14. HP: 92/92 MP: 14/14
 19968 | Lair:5   | Got an ebony great mace
 19974 | Lair:5   | Identified the +7 great mace of Prudence {freeze, Str+2
                  | Dex+6} (You found it on level 5 of the Lair of Beasts)
 20468 | Lair:6   | Reached skill level 10 in Shields
 20563 | Lair:6   | Reached skill level 10 in Armour
 20697 | Lair:6   | Found a staircase to the Slime Pits.
 20697 | Lair:6   | Found a viscous altar of Jiyva.
 21925 | Orc:1    | Entered Level 1 of the Orcish Mines
 21925 | Orc:1    | Found Peutz's Weapon Emporium.
 21983 | Orc:1    | Bought the +9 hand crossbow of Contention {venom, Str+2
                  | Dex+2} for 1162 gold pieces
 22446 | Orc:2    | Entered Level 2 of the Orcish Mines
 22598 | Orc:1    | Reached skill level 1 in Crossbows
 22951 | Orc:2    | Found Yplessymp's General Store.
 22952 | Orc:2    | Found Fumofej's Magic Scroll Emporium.
 22969 | Orc:2    | Reached XP level 15. HP: 88/100 MP: 15/15
 23137 | Orc:2    | Bought a scroll of immolation for 59 gold pieces
 23137 | Orc:2    | Bought a scroll of identify for 34 gold pieces
 23137 | Orc:2    | Bought a scroll of identify for 34 gold pieces
 23137 | Orc:2    | Bought a scroll of identify for 34 gold pieces
 23143 | Orc:2    | Bought a scroll of identify for 24 gold pieces
 23220 | Orc:2    | Noticed Maurice
 23241 | Orc:2    | Killed Maurice
 23275 | Orc:2    | Found a staircase to the Elven Halls.
 23716 | Orc:2    | Reached skill level 5 in Crossbows
 23902 | Orc:2    | Found Taoxuck's Gadget Shop.
 23902 | Orc:2    | Found Uniustrano's Antique Armour Boutique.
 23902 | Orc:2    | Found a one-way gate leading to the halls of Pandemonium.
 24541 | D:9      | Bought a +0 pair of boots of rampaging for 218 gold pieces
 24554 | D:9      | Bought a +1 pair of gloves of strength for 313 gold pieces
 26267 | D:13     | Found a gate to the Vaults.
 26380 | D:13     | Found Dedemyp's Antique Weapon Shoppe.
 27020 | D:14     | Reached XP level 16. HP: 107/107 MP: 16/16
 27050 | D:14     | Found a blossoming altar of Fedhas.
 27694 | D:15     | Entered Level 15 of the Dungeon
 28273 | D:15     | Reached skill level 15 in Fighting
 28609 | D:15     | Found a staircase to the Depths.
 28953 | Swamp:1  | Entered Level 1 of the Swamp
 28968 | Swamp:1  | Reached skill level 10 in Crossbows
 29648 | Swamp:2  | Noticed a thorn hunter
 29673 | Swamp:2  | Killed a thorn hunter
 29889 | Swamp:2  | Reached XP level 17. HP: 98/115 MP: 17/17
 30484 | Swamp:2  | Identified 3 scrolls of acquirement
 30487 | Swamp:2  | Acquired a manual of Crossbows
 30489 | Swamp:2  | Acquired a manual of Polearms
 30490 | Swamp:2  | Acquired a manual of Axes
 30834 | Swamp:3  | Found a runed translucent door.
 30834 | Swamp:3  | Noticed ardl's ghost (adept TrMo)
 30876 | Swamp:3  | Killed ardl's ghost
 31774 | Swamp:4  | Entered Level 4 of the Swamp
 31804 | Swamp:4  | Noticed Mara
 31808 | Swamp:4  | Noticed sokol815's illusion
 31819 | Swamp:4  | Noticed sokol815's illusion
 31847 | Swamp:4  | Killed Mara
 31848 | Swamp:4  | Reached skill level 15 in Axes
 32690 | Swamp:4  | Reached XP level 18. HP: 122/122 MP: 18/18
 32971 | Swamp:4  | Got a decaying rune of Zot
 33372 | Snake:1  | Entered Level 1 of the Snake Pit
 33502 | Snake:1  | Found Yklyppac's Antique Weapon Emporium.
 34133 | Snake:1  | Reached skill level 15 in Shields
 34493 | Snake:2  | Noticed Aizul
 34515 | Snake:2  | Killed Aizul
 35336 | Snake:3  | Found a transporter.
 35349 | Snake:3  | Found a transporter.
 35354 | Snake:3  | Noticed Asterion
 35378 | Snake:3  | Killed Asterion
 35637 | Snake:3  | Identified Roxanne's Tome of Transformation
 35637 | Snake:3  | Noticed Roxanne
 35664 | Snake:3  | Killed from afar by Roxanne

Illustrated notes

Levels and vault maps discovered:
D:1:      sevenhm_arrival_forest_fort_small_3, layout_rooms, lemuel_flame_loot_1
D:2:      layout_loops_ring, minitemple, cheibriados_altar_1
D:3:      kennysheep_the_goblin_king, layout_loops_ring,
          nemelex_xobeh_ov_fountains_minmay, uniq_sigmund, uniq_jessica,
          uniq_grinder
D:4:      layout_gridville, xom_confusion_cloud, minmay_temple_entry_fiery,
          serial_shops, shop_fountains, uniq_crazy_yiuf_cottage, uniq_robin
D:5:      layout_layer_cave, minmay_divided_ellipse
D:6:      gammafunk_wand_slinger, layout_basic, serial_bayou_pond_a,
          minmay_checkerbox
D:7:      layout_gridville
D:8:      minmay_general_purpose_star, layout_rooms, bloody_makhleb
D:9:      layout_small_grid, erik_orc_4, serial_shops, shop
D:10:     layout_roguey
D:11:     wad_woods_structure_01, layout_long_grid, lair_entry_dummy,
          nicolae_trove_entry_crossroad, uniq_erolcha
D:12:     evilmike_horseshoe, layout_cave_pools, minmay_misc_feat_x
D:13:     layout_roguey, david_vaults_5, serial_shops, shop_statue
D:14:     layout_roguey, basic_altar, grunt_decor_junction
D:15:     grunt_enter_depths_snipers, layout_irregular_city,
          grunt_decor_arrowhead
Lair:1:   layout_chaotic_city
Lair:2:   layout_hall_layers, serial_rivers, chequers_serial_rivers_large_a,
          chequers_serial_rivers_small_b, chequers_serial_rivers_micro_a,
          chequers_serial_rivers_marsh, chequers_serial_rivers_marsh,
          grunt_megastairs_1
Lair:3:   layout_loops_ring, guppyfry_snake_entry_island, serial_bayou_shore_a
Lair:4:   layout_regular_city, swamp_mist, gauntlet_entry_generic
Lair:5:   layout_loops_ring, disabler_island
Lair:6:   guppyfry_lair_end_dragon, layout_loops_ring, hangedman_lair_in_review,
          slime_altar_1, portal_ice_cave_entry_ice_beasts
Swamp:1:  layout_basic_swamp, evilmike_swamp_ruin_house_3, swamp_pool1,
          roderic_carrion_pond, infiniplex_staircase_pool
Swamp:2:  layout_basic_swamp, wheals_swamp_sinkhole
Swamp:3:  layout_basic_swamp, gammafunk_ghost_grave,
          evilmike_swamp_ruin_rubble_1, swamp_pool2, nicolae_swamp_baby_hydras
Swamp:4:  swamp, layout_basic_swamp, swamp_pool1, nicolae_swamp_trees_clearing,
          grunt_hermit_hut, uniq_mara
Snake:1:  layout_layer_cave, serial_shops, nicolae_shop_statue_plus,
          grunt_ministairs_15, st_stairs_7
Snake:2:  layout_misc_corridors, guppyfry_library_mini, uniq_aizul
Snake:3:  gammafunk_the_bubble [the_bubble_gammafunk_roulette], layout_onion,
          grunt_megastairs_3, uniq_roxanne, uniq_asterion, uniq_vashnia
Orc:1:    cheibrodos_orc_arena, layout_caves, serial_shops, shop_statue
Orc:2:    pf_orc_diabolical, layout_caves, uniq_maurice

Skill      XL: |  1  2  3  4  5  6  7  8  9 10 11 12 13 14 15 16 17 18 |
---------------+-------------------------------------------------------+-----
Axes           | 2 3 5 6 8 10 11 14 15 17 | 17.1
Fighting       | 4 5 6 7 9 10 11 12 13 14 15 16 17 | 17.6
Evocations     | 4 5 |  5.0
Armour         | 7 9 10 11 12 | 12.0
Shields        | 7 9 10 12 13 14 15 | 15.0
Throwing       | 5 8 |  8.1
Crossbows      | 2 7 10 11 13 | 13.9

Action                   |  1- 3 |  4- 6 |  7- 9 | 10-12 | 13-15 | 16-18 || total
-------------------------+-------+-------+-------+-------+-------+-------++-------
Melee: War axe           |   128 |   141 |   178 |     1 |    26 |   180 ||   654
       Hand axe          |       |       |   160 |   684 |  1203 |  1058 ||  3105
       Dagger            |       |       |       |     7 |       |       ||     7
 Fire: Hand crossbow     |       |       |       |       |     4 |     6 ||    10
Throw: Dart              |       |       |       |       |     2 |       ||     2
Invok: Call Merchant     |       |       |       |     2 |     1 |       ||     3
 Abil: Evoke Invisibilit |       |       |       |     1 |     2 |       ||     3
       Fly               |       |       |       |       |     1 |       ||     1
Evoke: Wand              |       |       |       |     6 |     8 |       ||    14
  Use: Scroll            |       |     2 |     8 |    14 |    18 |     7 ||    49
       Potion            |       |     1 |       |     3 |     2 |     2 ||     8
 Stab: Distracted        |       |       |     1 |     3 |     9 |     7 ||    20
       Paralysed         |       |       |       |     8 |       |       ||     8
       Invisible         |       |       |       |       |    15 |       ||    15
Armor: Scale mail        |   103 |    71 |       |       |       |       ||   174
       Chain mail        |       |       |   107 |   134 |   147 |       ||   388
       Plate armour      |       |       |    83 |   109 |       |       ||   192
       Gold dragon scale |       |       |       |       |   138 |   381 ||   519
Dodge: Dodged            |    67 |    50 |    44 |    83 |   117 |    96 ||   457
Block: Kite shield       |    86 |    85 |   159 |   210 |   656 |   965 ||  2161
       Reflection        |       |       |       |       |       |    55 ||    55

Table legend: (Time is in decaauts)
 A = Elapsed time spent in this place.
 B = Non-inter-level travel time spent in this place.
 C = Inter-level travel time spent in this place.
 D = Time resting spent in this place.
 E = Time spent auto-exploring this place.
 F = Levels seen in this place.
 G = Mean time per level.
                   A        B        C        D        E       F      G
               +--------+--------+--------+--------+--------+-----+--------+
         Total |  34822 |  32169 |   2653 |   5199 |  20132 |  32 | 1088.2 |
       Dungeon |  16351 |  15124 |   1227 |   1994 |  10043 |  15 | 1090.1 |
          Lair |   8318 |   7259 |   1059 |   1285 |   4589 |   6 | 1386.3 |
         Swamp |   4134 |   3927 |    207 |   1057 |   2082 |   4 | 1033.5 |
     Snake Pit |   2107 |   2096 |     11 |      0 |   1645 |   3 |  702.3 |
  Orcish Mines |   2192 |   2046 |    146 |    212 |   1250 |   2 | 1096.0 |
      Ice Cave |    912 |    912 |      0 |    363 |    353 |   1 |  912.0 |
      Gauntlet |    805 |    805 |      0 |    287 |    169 |   1 |  805.0 |
               +--------+--------+--------+--------+--------+-----+--------+

Top non-repeatable levels by time:
    D:11: 2241 daAuts
  Lair:6: 1853 daAuts
  Lair:2: 1633 daAuts
   Orc:2: 1397 daAuts
     D:5: 1325 daAuts
  Lair:3: 1303 daAuts
    D:12: 1256 daAuts
     D:4: 1252 daAuts
 Swamp:4: 1231 daAuts
  Lair:4: 1213 daAuts
 Swamp:2: 1166 daAuts
  Lair:5: 1158 daAuts
     D:1: 1157 daAuts
  Lair:1: 1156 daAuts
 Swamp:3: 1088 daAuts
